 Dungeon Crawl Stone Soup version 0.24.0-37-gcf1ca852f1 (webtiles) character file.

Game seed: 11539492098260304185, levelgen mode: deterministic

211628 Mesmaeker13 the Devastator (level 18, -20/135 HPs)
             Began as a Grey Draconian Conjurer on Dec 2, 2019.
             Was the Champion of Hepliaklqana.
             Killed from afar by a thorn hunter (24 damage)
             ... with a volley of thorns
             ... on level 4 of the Swamp.
             The game lasted 02:25:52 (55230 turns).

Mesmaeker13 the Devastator (DrCj)                  Turns: 55230, Time: 02:25:53

Health: -20/135    AC: 21    Str: 12    XL:     18   Next: 22%
Magic:  39/41      EV: 23    Int: 22    God:    Hepliaklqana [******]
Gold:   2433       SH:  0    Dex: 16    Spells: 16/37 levels left

rFire    . . .     SeeInvis +   I - +6 great sword of Distant Shores {flame, rPois MR+ Stlth+}
rCold    . . .     Gourm    .   (shield currently unavailable)
rNeg     . . .     Faith    .   (armour unavailable)
rPois    +         Spirit   .   (helmet restricted)
rElec    +         Reflect  .   s - +2 cloak {MR+}
rCorr    .         Harm     .   (no gloves)
MR       +++..                  f - +2 pair of boots {Fly}
Stlth    +++.......             R - amulet of Vitality {Regen+ HP+15}
HPRegen  0.72/turn              P - ring of Kuzaubuh {rElec MP+9}
MPRegen  0.27/turn              M - ring "Beityown" {Dex+4 SInv}

@: flying
A: walk through water, unfitting armour, reduced essence, unbreathing,
cold-blooded, AC +15
}: 1/15 runes: serpentine
a: Recall Ancestor, Ancestor Identity, Transference, Idealise, Renounce
Religion, Stop Flying


You were on level 4 of the Swamp.
You worshipped Hepliaklqana.
Hepliaklqana was exalted by your worship.
You were not hungry.

You visited 5 branches of the dungeon, and saw 31 of its levels.
You also visited: Trove.

You collected 3696 gold pieces.
You spent 1263 gold pieces at shops.

Inventory:

Hand Weapons
 m - the +7 Singing Sword {slice, sonic wave}
   (You found it on level 13 of the Dungeon)

   It inflicts extra damage upon your enemies.
 o - a +2 demon trident of piercing
 I - the +6 great sword of Distant Shores (weapon) {flame, rPois MR+ Stlth+}
   (You bought it in a shop on level 2 of the Orcish Mines)

   It has been specially enchanted to burn those struck by it, causing extra
   injury to most foes and up to half again as much damage against particularly
   susceptible opponents.
   Big, fiery blades are also staple armaments of hydra-hunters.
   It protects you from poison.
   It affects your resistance to hostile enchantments.
   It makes you more stealthy.
Missiles
 p - a throwing net (quivered)
Armour
 f - a +2 pair of boots of flying (worn)
 k - the +10 large shield of Ignorance {rN+ Int-4}
   (You found it on level 1 of the Swamp)

   It affects your intelligence (-4).
   It protects you from negative energy.
 s - a +2 cloak of magic resistance (worn)
Jewellery
 a - the ring of Serendipity {+Blink rElec rPois rC- MR+++}
   (You bought it in a shop on level 2 of the Orcish Mines)

   [ring of poison resistance]

   It makes you vulnerable to cold.
   It insulates you from electricity.
   It protects you from poison.
   It affects your resistance to hostile enchantments.
   It lets you blink.
 d - an uncursed ring of see invisible {unknown}
 e - an uncursed ring of resist corrosion
 g - the amulet of Vulynaof {*Drain MR+ Regen+ Str+4 Int+4}
   (You found it in a treasure trove)

   [amulet of regeneration]

   It affects your strength (+4).
   It affects your intelligence (+4).
   It affects your resistance to hostile enchantments.
   It increases your rate of regeneration.
   It causes draining when unequipped.
 v - an uncursed amulet of regeneration
 y - an uncursed ring of fire
 B - a +5 ring of evasion
 C - an uncursed ring of ice
 G - an uncursed ring of protection from cold
 M - the ring "Beityown" (right hand) {Dex+4 SInv}
   (You found it in a treasure trove)

   [ring of dexterity]

   It affects your dexterity (+4).
   It lets you see invisible.
 O - a +2 amulet of reflection
 P - the ring of Kuzaubuh (left hand) {rElec MP+9}
   (You found it in a treasure trove)

   [ring of magical power]

   It insulates you from electricity.
   It affects your magic capacity (+9).
 R - the amulet of Vitality (around neck) {Regen+ HP+15}
   (You found it in a treasure trove)

   [amulet of regeneration]

   It affects your health (+15).
   It increases your rate of regeneration.
 U - an uncursed ring of protection from cold
Wands
 x - a wand of acid (5)
Scrolls
 c - a scroll of fog
 j - 9 scrolls of remove curse
 q - a scroll of vulnerability
 r - a scroll of amnesia
 u - 2 scrolls of silence
 J - 3 scrolls of immolation {unknown}
 L - a scroll of noise
Potions
 h - 2 potions of brilliance {unknown}
 l - 2 potions of haste
 n - 4 potions of might
 t - 8 potions of agility
 z - 2 potions of invisibility {unknown}
 A - 3 potions of berserk rage {unknown}
 D - a potion of cancellation {unknown}
 E - 3 potions of magic {unknown}
 K - a potion of ambrosia {unknown}
Miscellaneous
 F - a lightning rod (4/4)
 H - a lamp of fire (inert)
Comestibles
 b - 17 rations


   Skills:
 - Level 5.6 Fighting
 + Level 13.4 Long Blades
 - Level 14.7 Dodging
 - Level 1.7 Stealth
 - Level 10.0 Spellcasting
 - Level 16.0 Conjurations
 - Level 11.0 Hexes
 + Level 11.0 Necromancy
 + Level 10.8 Earth Magic
 - Level 9.2 Invocations


You had 16 spell levels left.
You knew the following spells:

 Your Spells              Type           Power        Failure   Level  Hunger
a - Magic Dart            Conj           ####         0%          1    None
c - Dazzling Spray        Conj/Hex       ######       1%          3    None
d - Fulminant Prism       Conj/Hex       ######....   1%          4    ##.....
e - Animate Dead          Necr           N/A          1%          4    ##.....
f - Iskenderun's Mystic   Conj           ######..     1%          4    ##.....
g - Borgnjor's Vile Clut  Necr/Erth      ######....   1%          5    ####...

Your spell library contained the following spells:

 Spells                   Type           Power        Failure   Level  Hunger
 Searing Ray              Conj           ######       0%          2    None
 Confusing Touch          Hex            ######       1%          1    None
 Sandblast                Erth           ######       1%          1    None
 Shock                    Conj/Air       ####         1%          1    None
 Passwall                 Tmut/Erth      ####....     1%          2    None
 Slow                     Hex            ######..     1%          2    None
 Confuse                  Hex            ######..     1%          3    None
 Conjure Flame            Conj/Fire      #####...     1%          3    None
 Mephitic Cloud           Conj/Pois/Air  ####....     1%          3    None
 Static Discharge         Conj/Air       #####...     1%          3    None
 Stone Arrow              Conj/Erth      ######       1%          3    None
 Leda's Liquefaction      Hex/Erth       ######....   1%          4    ##.....
 Lee's Rapid Deconstruct  Erth           ######....   1%          5    ####...
 Force Lance              Conj/Tloc      #####...     2%          4    ##.....
 Iron Shot                Conj/Erth      ######....   3%          6    ######.
 Bolt of Magma            Conj/Fire/Erth ######....   4%          5    ####...
 Beastly Appendage        Tmut           ##....       6%          1    None
 Petrify                  Tmut/Erth      ####....     6%          4    ##.....
 Lightning Bolt           Conj/Air       #####.....   6%          5    ####...
 Blink                    Tloc           N/A          9%          2    None
 Call Imp                 Summ           ##......     9%          2    None
 Sticks to Snakes         Tmut           ##......     9%          2    None
 Swiftness                Chrm/Air       ##......     9%          2    None
 Death Channel            Necr           ######....   10%         6    ######.
 Metabolic Englaciation   Hex/Ice        #####.....   17%         5    ####...
 Yara's Violent Unravell  Hex/Tmut       #####.....   17%         5    ####...
 Gell's Gravitas          Tloc           ##........   19%         3    None
 Recall                   Summ/Tloc      N/A          19%         3    None
 Spider Form              Tmut/Pois      ##........   19%         3    None
 Airstrike                Air            ##........   52%         4    ##.....
 Ice Form                 Ice/Tmut       ##......     52%         4    ##.....
 Simulacrum               Ice/Necr       #####.....   67%         6    ######.
 Statue Form              Tmut/Erth      ####.....    69%         6    ######.
 Blade Hands              Tmut           ##........   86%         5    ####...
 Shatter                  Erth           ######....   100%        9    #######


Dungeon Overview and Level Annotations

Branches:
Dungeon (15/15)              Lair (6/6) D:8           Swamp (4/4) Lair:3
  Snake (4/4) Lair:4        Slime (0/5) Lair:5          Orc (2/2) D:9
    Elf (0/3) Orc:2        Vaults (0/5) D:14         Depths (0/5) D:15
 Temple: D:4-7

Altars:
Ashenzari
Cheibriados
Dithmenos
Hepliaklqana
Kikubaaqudgha
Makhleb
Nemelex Xobeh
Okawaru
Qazlal
Sif Muna
Trog
Uskayaw
Wu Jian
Yredelemnul
The Shining One
Beogh
Jiyva

Shops:
D:12 }   Orc:2 (([=   Snake:2 =}=

Annotations:
D:13 3 runed translucent doors
Swamp:4 1 exclusion


Innate Abilities, Weirdness & Mutations

You can walk through water.
Your dull iron-grey scales are very hard. (AC +15)
You cannot fit into any form of body armour.
You can survive without breathing.
You are cold-blooded and may be slowed by cold attacks.
Your life essence is reduced to manifest your ancestor. (-10% HP)


Message History

Akiya is destroyed!
You are hit by a branch!
* * * LOW HITPOINT WARNING * * *
The spriggan druid gestures wildly while chanting.
The spriggan druid is healed somewhat.
The thorn hunter is engulfed in blazing flames.
The thorn hunter completely misses you.
You riposte.
You closely miss the thorn hunter.
The thorn hunter is moderately damaged.
The thorn hunter hits you but does no damage.
A tree reaches out and hits you!
* * * LOW HITPOINT WARNING * * *
The spriggan druid hits you with a cursed -3 quarterstaff!
* * * LOW HITPOINT WARNING * * *
Unknown command.
A tree reaches out but misses you.
The spriggan druid hits you but does no damage.
The thorn hunter fires a volley of thorns at you.
The volley of thorns hits you!!
You die...

♣...≈≈≈≈≈.≈§..≈≈...○≈..≈≈≈.≈≈....
♣≈..≈≈≈≈..≈♣♣.♣.≈.○.○☼.≈≈...≈≈...
...♣..≈≈.≈..≈....☼...§≈..≈....≈≈.
≈.≈♣♣≈≈.♣♣≈...≈.☼.≈§≈..≈≈≈..≈≈≈≈≈
§≈♣♣♣≈≈≈≈♣..≈..§○.≈.≈.§≈≈.≈..≈≈..
≈§♣ ♣≈.≈≈≈♣.♣....≈.≈..≈≈...≈≈≈≈..
.♣♣ ♣♣...♣♣♣.♣D♣.≈.≈....≈≈≈≈≈...≈
♣♣ **♣♣..≈♣...[if..≈....≈..≈..≈≈≈
♣ *≈≈.♣♣P.♣†♣.♣@≈.≈.≈.≈.......≈.
♣ *,≈≈*♣≈♣...♣.≈...≈)..≈..≈...≈≈
♣ *≈,≈♣.P......≈...≈..≈..§≈...≈.
****♣♣PPPPPP≈≈≈..≈♣♣≈≈.≈≈.≈..≈
♣♣♣P♣P♣..♣≈..♣.♣..♣...≈§.
♣♣♣≈.....≈...≈♣♣♣..≈..[
*.≈..♣♣≈♣.≈≈.* ♣♣...≈≈
♣♣≈..≈*♣♣♣.≈♣* ♣♣♣♣.♣ ***,** ****
♣≈♣


You could see a thorn hunter, a seven-headed hydra and a spriggan druid.

Vanquished Creatures
  Mara (Swamp:4)
  A sphinx (D:13)
  A tengu reaver (D:13)
  4 nagarajas (Snake:4)
  Snorg (Orc:1)
  The ghost of Mesmaeker13 the Destroyer, a journeyman DrCj of Hepliaklqana (Lair:4)
  17 hydras
  5 naga warriors
  A catoblepas (Lair:5)
  5 two-headed ogres
  A centaur warrior (D:12)
  8 anacondas
  8 alligators
  4 death yaks
  7 naga sharpshooters
  2 shock serpents
  2 orc high priests
  2 salamander mystics
  A spriggan druid (Swamp:4)
  3 naga ritualists
  2 wizards
  A sea snake (Snake:2)
  Pikel (D:5)
  5 swamp dragons
  3 oklob plants
  5 orc knights
  An orc sorcerer (Orc:2)
  5 mana vipers
  A manticore (D:12)
  16 ugly things
  A cyclops (D:14)
  4 salamanders
  10 elephants
  A centaur zombie (D:13)
  25 black mambas
  5 naga magi
  18 spiny frogs
  A kobold demonologist (D:13)
  3 yaktaurs (D:15)
  A rime drake (Lair:4)
  3 komodo dragons
  The ghost of grindst0ne the Skirmisher, an amateur DDWn (D:4)
  A meliai (D:13)
  5 tyrant leeches
  5 hornets
  12 slime creatures
  3 trolls
  8 dream sheep
  Prince Ribbit (D:7)
  8 hippogriffs
  3 bog bodies
  A meliai zombie (D:13)
  13 blink frogs
  A shadow (D:13)
  Sigmund (D:3)
  5 spriggans
  2 wyverns
  2 wraiths
  23 yaks
  A basilisk (D:10)
  A vampire (D:12)
  A hungry ghost (D:14)
  Eustachio (D:5)
  14 vampire mosquitoes
  2 steam dragons (D:13)
  2 wargs (Orc:2)
  The ghost of Esos the Chiller, an amateur DgIE (D:4)
  35 nagas
  11 swamp worms
  6 insubstantial wisps
  4 water moccasins
  Duvessa (D:6)
  4 porcupines
  A black bear (D:13)
  6 swamp drakes (Swamp:4)
  2 ice beasts
  2 slaves
  4 sky beasts
  36 orc warriors
  2 phantoms
  10 ogres
  16 centaurs
  A necrophage (D:8)
  7 wolves
  6 crocodiles
  The ghost of Nicoed the Shield-Bearer, an amateur GrFi (D:4)
  A big kobold (D:10)
  15 bullfrogs
  Dowan (D:6)
  4 scorpions
  11 killer bees
  8 wights
  A howler monkey (D:6)
  2 electric eels
  3 crimson imps
  A bullfrog zombie (D:6)
  5 hounds
  4 jellies
  6 orc priests
  24 orc wizards
  Crazy Yiuf (D:6)
  4 centaur skeletons
  6 iguanas
  Ijyb (D:4)
  7 knights
  10 worker ants
  An ancestor (D:7)
  A hound zombie (D:11)
  A worker ant zombie (D:6)
  2 howler monkey zombies
  A howler monkey skeleton (D:4)
  14 adders
  2 shadow imps
  2 oozes (D:4)
  An adder zombie (D:7)
  An adder skeleton (D:7)
  A worm (D:2)
  2 dart slugs (D:3)
  6 leopard geckos
  92 orcs
  2 bats
  A giant cockroach (D:4)
  6 goblins
  12 hobgoblins
  8 jackals
  6 kobolds
  3 quokkas
  2 ball pythons
  2 frilled lizards
  10 rats
  A fungus (Lair:4)
  3 plants (Lair:3)
758 creatures vanquished.

Vanquished Creatures (collateral kills)
  2 tentacled monstrosities
  A sphinx (D:13)
  6 nagarajas
  Josephine (D:15)
  A fire dragon (D:13)
  Erolcha (D:12)
  3 naga warriors
  9 hydras
  A centaur warrior (D:13)
  An ogre mage (D:15)
  3 two-headed ogres
  A death yak (Lair:5)
  3 alligators
  8 naga sharpshooters
  2 shock serpents
  2 sea snakes (Snake:2)
  3 unseen horrors
  2 naga ritualists (Snake:2)
  4 orc knights (Orc:2)
  4 swamp dragons
  4 mana vipers
  A shining eye (shapeshifter) (D:13)
  7 ugly things
  An orc sorcerer (D:15)
  3 cyclopes
  A manticore (D:14)
  4 salamanders
  5 elephants
  13 black mambas
  Joseph (D:9)
  5 centaur skeletons
  12 naga magi
  10 spiny frogs
  2 rime drakes
  A komodo dragon (shapeshifter) (D:14)
  3 polar bears
  3 trolls
  9 tyrant leeches
  A queen bee (D:9)
  17 blink frogs
  9 slime creatures
  3 hornets (Swamp:3)
  3 bog bodies
  3 dream sheep (Lair:6)
  4 hippogriffs
  4 spriggans
  2 wraiths (D:15)
  10 yaks
  A vampire (D:9)
  A hungry ghost (D:12)
  6 vampire mosquitoes
  3 basilisks
  6 wargs
  4 insubstantial wisps (Swamp:3)
  3 swamp worms
  17 nagas
  An acid dragon (D:14)
  2 soldier ants (D:13)
  3 porcupines
  10 water moccasins
  An ice beast (D:10)
  15 orc warriors
  4 sky beasts
  A black bear (Lair:2)
  7 swamp drakes
  2 ogres
  A phantom (D:7)
  6 wolves
  3 centaurs
  9 crocodiles
  12 bullfrogs
  A water moccasin zombie (D:7)
  10 killer bees
  A wight (D:11)
  A howler monkey (D:9)
  5 centaur zombies
  3 crimson imps
  2 orc priests
  6 hounds
  14 orc wizards
  A bullfrog skeleton (D:7)
  5 worker ants
  A bullfrog simulacrum (D:13)
  2 hound skeletons
  An adder (D:7)
  2 shadow imps
  41 orcs
  A kobold (D:10)
  2 fungi (Lair:5)
  A plant (Lair:3)
417 creatures vanquished.

Vanquished Creatures (others)
  A manticore (D:11)
  A blink frog (Lair:5)
  A naga (Snake:4)
  2 slaves (D:6)
  A centaur (D:12)
  A bullfrog (D:6)
  3 orc wizards
  36 knights
  7 ancestors
  An orc (Orc:1)
  A jackal (D:6)
  2 quokkas
  278 fulminant prisms
  30 fungi
  37 plants
  4 withered plants (D:4)
406 creatures vanquished.

Grand Total: 1581 creatures vanquished

Notes
Turn   | Place    | Note
-------+----------+-------------------------------------------
     0 | D:1      | Mesmaeker13 the Draconian Conjurer began the quest for the
                  | Orb.
     0 | D:1      | Reached XP level 1. HP: 14/14 MP: 3/3
   618 | D:1      | Reached XP level 2. HP: 20/20 MP: 1/5
  1243 | D:1      | Learned a level 2 spell: Searing Ray
  1369 | D:2      | Found a sparkling altar of Nemelex Xobeh.
  1405 | D:2      | Reached XP level 3. HP: 2/26 MP: 0/6
  2316 | D:2      | Found an ornate altar of the Wu Jian Council.
  2908 | D:3      | Learned a level 3 spell: Dazzling Spray
  2932 | D:3      | Reached XP level 4. HP: 33/33 MP: 5/8
  2977 | D:3      | Noticed Sigmund
  2988 | D:3      | Killed Sigmund
  2988 | D:3      | Reached skill level 5 in Conjurations
  2988 | D:3      | Reached XP level 5. HP: 38/38 MP: 7/10
  3439 | D:3      | Reached XP level 6. HP: 43/45 MP: 4/11
  5320 | D:4      | Noticed Ijyb
  5523 | D:4      | Reached skill level 1 in Hexes
  5741 | D:4      | Found a runed translucent gate.
  5741 | D:4      | Found a runed translucent gate.
  5741 | D:4      | Found a runed translucent gate.
  5748 | D:4      | Noticed Nicoed's ghost (amateur GrFi)
  5748 | D:4      | Noticed grindst0ne's ghost (amateur DDWn)
  5749 | D:4      | Noticed Esos's ghost (amateur DgIE)
  6024 | D:4      | Your scales start taking on a dull iron-grey colour.
  6024 | D:4      | Reached XP level 7. HP: 21/50 MP: 5/13
  6024 | D:4      | Gained mutation: You can survive without breathing. [Grey
                  | Draconian growth]
  6398 | D:4      | Reached skill level 6 in Conjurations
  6615 | D:4      | Found a glowing golden altar of the Shining One.
  6672 | D:4      | Found an iron altar of Okawaru.
  6946 | D:5      | Entered Level 5 of the Dungeon
  6946 | D:5      | Noticed Eustachio
  6949 | D:5      | Killed Eustachio
  7131 | D:5      | Found a shimmering blue altar of Sif Muna.
  7338 | D:5      | Reached skill level 5 in Dodging
  7593 | D:5      | Learned a level 4 spell: Fulminant Prism
  7702 | D:5      | Found a snail-covered altar of Cheibriados.
  7702 | D:5      | Found a stormy altar of Qazlal.
  7762 | D:5      | Reached XP level 8. HP: 57/57 MP: 9/14
  7776 | D:5      | Found a shimmering blue altar of Sif Muna.
  8310 | D:5      | Identified Sif Muna's Reference Book on Conjuration
  8335 | D:6      | Found a shadowy altar of Dithmenos.
  8335 | D:6      | Found a hazy altar of Hepliaklqana.
  8335 | D:6      | Noticed Pikel
  8342 | D:5      | Killed Pikel
  8342 | D:5      | Reached skill level 7 in Conjurations
  8510 | D:6      | Became a worshipper of Hepliaklqana the Forgotten
  8612 | D:6      | Reached XP level 9. HP: 40/55 MP: 5/15
  8618 | D:6      | Reached skill level 8 in Conjurations
  8751 | D:6      | Reached skill level 5 in Hexes
  8974 | D:6      | Noticed Duvessa
  8974 | D:6      | Noticed Dowan
  8988 | D:6      | Killed Duvessa
  8990 | D:6      | Killed Dowan
  9536 | D:6      | Found a runed translucent door.
  9537 | D:6      | Noticed Crazy Yiuf
  9574 | D:6      | Killed Crazy Yiuf
  9625 | D:7      | Noticed Prince Ribbit
  9748 | D:7      | Killed Prince Ribbit
 10036 | D:7      | Found a hide-covered altar of Uskayaw.
 10132 | D:7      | Reached * piety under Hepliaklqana
 10164 | D:7      | Noticed a two-headed ogre
 10289 | D:7      | Found an ancient bone altar of Kikubaaqudgha.
 10410 | D:7      | Found a burning altar of Makhleb.
 10431 | D:7      | Reached skill level 9 in Conjurations
 10652 | D:7      | Killed a two-headed ogre
 10652 | D:7      | Reached XP level 10. HP: 45/62 MP: 6/16
 11594 | D:8      | Found a staircase to the Lair.
 12429 | D:9      | Found a staircase to the Orcish Mines.
 12463 | D:9      | Found a shattered altar of Ashenzari.
 12524 | D:9      | Reached ** piety under Hepliaklqana
 12620 | D:9      | Remembered your ancestor Akiya as a knight
 12650 | D:9      | Reached skill level 10 in Conjurations
 13070 | D:9      | Found a basalt altar of Yredelemnul.
 13513 | D:9      | Noticed Joseph
 13535 | D:9      | Killed Joseph
 13588 | D:9      | Found a bloodstained altar of Trog.
 13636 | D:10     | Entered Level 10 of the Dungeon
 13783 | D:10     | Killed an unseen horror
 13783 | D:10     | Reached XP level 11. HP: 62/66 MP: 1/17
 14165 | D:10     | Noticed a brown ugly thing
 14348 | D:4      | Killed Ijyb
 14470 | D:4      | Killed Esos's ghost
 14474 | D:4      | Killed grindst0ne's ghost
 14485 | D:4      | Killed Nicoed's ghost
 14703 | Lair:1   | Entered Level 1 of the Lair of Beasts
 14873 | Lair:1   | Reached skill level 11 in Conjurations
 15002 | Lair:1   | Reached *** piety under Hepliaklqana
 15970 | Lair:2   | Reached skill level 10 in Dodging
 16697 | Lair:2   | Reached **** piety under Hepliaklqana
 17419 | Lair:3   | Found a gate leading to a gauntlet.
 17597 | Lair:3   | Reached XP level 12. HP: 66/72 MP: 8/18
 17967 | Lair:3   | Found a staircase to the Swamp.
 17985 | Lair:3   | Reached skill level 12 in Conjurations
 18080 | Lair:3   | Reached skill level 10 in Hexes
 18123 | Lair:3   | Reached skill level 5 in Spellcasting
 18572 | Lair:3   | You are sucked into a shaft and drop 2 floors!
 18576 | Lair:5   | Noticed a death yak
 18594 | Lair:4   | Noticed a six-headed hydra
 18805 | Lair:4   | Found a runed translucent gate.
 18805 | Lair:4   | Noticed Mesmaeker13's ghost (journeyman DrCj)
 18808 | Lair:4   | Found a runed translucent gate.
 18808 | Lair:4   | Found a runed translucent gate.
 18892 | Lair:4   | Noticed a five-headed hydra
 18905 | Lair:4   | Killed a five-headed hydra
 18928 | Lair:4   | Killed a six-headed hydra
 21513 | Lair:4   | Found a staircase to the Snake Pit.
 21514 | Lair:4   | Noticed an eight-headed hydra
 21524 | Lair:4   | Reached XP level 13. HP: 77/77 MP: 10/23
 21867 | Lair:5   | Learned a level 4 spell: Animate Dead
 22788 | Lair:5   | Reached skill level 13 in Conjurations
 23145 | Lair:5   | Reached ***** piety under Hepliaklqana
 23451 | Lair:5   | Found a viscous altar of Jiyva.
 23452 | Lair:5   | Found a staircase to the Slime Pits.
 23458 | Lair:5   | Learned a level 4 spell: Iskenderun's Mystic Blast
 23975 | Lair:5   | Reached skill level 1 in Necromancy
 24518 | Lair:6   | Entered Level 6 of the Lair of Beasts
 28215 | Lair:5   | Reached XP level 14. HP: 83/83 MP: 2/26
 29288 | Lair:6   | Reached skill level 5 in Necromancy
 30887 | D:11     | Reached skill level 14 in Conjurations
 31077 | D:11     | Reached skill level 1 in Invocations
 32833 | D:12     | Found Guamnemn's Gadget Shop.
 32896 | D:12     | Noticed Erolcha
 32904 | D:12     | Killed Erolcha
 33163 | D:12     | Found a portal to a secret trove of treasure.
 33593 | D:13     | Found a runed translucent gate.
 33594 | D:13     | Found a runed translucent gate.
 33595 | D:13     | Found a runed translucent gate.
 33595 | D:13     | Noticed a white very ugly thing
 33597 | D:13     | Noticed a green very ugly thing
 34813 | D:13     | Noticed a sphinx
 34878 | D:13     | Paralysed by a sphinx for 3 turns
 34893 | D:13     | Killed a sphinx
 35005 | D:13     | Noticed a sphinx
 35152 | D:10     | Reached skill level 5 in Invocations
 35399 | Orc:1    | Entered Level 1 of the Orcish Mines
 35402 | Orc:1    | Noticed Snorg
 35410 | Orc:1    | Killed Snorg
 35703 | Orc:1    | Reached XP level 15. HP: 85/89 MP: 28/28
 36206 | Orc:1    | Found a roughly hewn altar of Beogh.
 36262 | Orc:2    | Entered Level 2 of the Orcish Mines
 36275 | Orc:2    | Reached skill level 10 in Spellcasting
 39213 | Orc:2    | Found Jaesoun's Antique Weapon Shoppe.
 39213 | Orc:2    | Found Iruinwy's Antique Weapon Boutique.
 39311 | Orc:2    | Found a roughly hewn altar of Beogh.
 39325 | Orc:2    | Found Xomung's Jewellery Boutique.
 39325 | Orc:2    | Found Uphasiul's Armour Shoppe.
 39509 | Orc:2    | Found a staircase to the Elven Halls.
 39659 | Orc:2    | Bought a faintly glowing hand axe for 240 gold pieces
 39661 | Orc:2    | Identified the cursed +0 hand axe of Insomnia {freeze,
                  | +Fly} (You bought it in a shop on level 2 of the Orcish
                  | Mines)
 39664 | Orc:2    | Bought an ancient great sword for 345 gold pieces
 39667 | Orc:2    | Identified the +6 great sword of Distant Shores {flame,
                  | rPois MR+ Stlth+} (You bought it in a shop on level 2 of
                  | the Orcish Mines)
 39722 | Orc:2    | Bought the ring of Serendipity {+Blink rElec rPois rC-
                  | MR+++} for 678 gold pieces
 39897 | D:13     | Killed a sphinx
 40012 | D:13     | Noticed a tengu reaver
 40032 | D:13     | Killed a tengu reaver
 40456 | D:13     | Found the +7 Singing Sword {slice, sonic wave}
 42385 | D:14     | Found a gate to the Vaults.
 42424 | D:15     | Entered Level 15 of the Dungeon
 42775 | D:15     | Noticed Josephine
 42787 | D:15     | Killed Josephine
 43131 | D:12     | You paid a toll of 4 potions of resistance to enter a
                  | treasure trove
 43132 | Trove    | Entered a treasure trove
 43135 | Trove    | Found the amulet of Vitality {Regen+ HP+15}
 43137 | Trove    | Got a fine diamond amulet
 43141 | Trove    | Got an ancient platinum ring
 43145 | Trove    | Got a steaming silver ring
 43147 | Trove    | Got a clouded silver ring
 43153 | Trove    | Got a glittering ivory ring
 43155 | Trove    | Got a wavering copper amulet
 43157 | Trove    | Got a flickering jade ring
 43180 | D:12     | Identified the amulet of Vulynaof {*Drain MR+ Regen+ Str+4
                  | Int+4} (You found it in a treasure trove)
 43182 | D:12     | Identified the ring "Xumputho" {Fire +Inv Str+5 Int+4
                  | Dex-3} (You found it in a treasure trove)
 43192 | D:12     | Identified the ring "Beityown" {Dex+4 SInv} (You found it
                  | in a treasure trove)
 43200 | D:12     | Identified the ring of Kuzaubuh {rElec MP+9} (You found it
                  | in a treasure trove)
 43202 | D:12     | Identified the ring of Ejinus {Fire Str+7} (You found it in
                  | a treasure trove)
 43210 | D:12     | Identified the ring "Yniboth" {MR- rCorr Int+7} (You found
                  | it in a treasure trove)
 43308 | D:12     | Learned a level 5 spell: Borgnjor's Vile Clutch
 43681 | D:15     | Identified the amulet "Mukuloju" {Faith Fragile MP+9 Dex+2}
                  | (You found it in a treasure trove)
 44194 | D:15     | Reached XP level 16. HP: 42/92 MP: 19/30
 44281 | D:15     | Found a staircase to the Depths.
 44560 | Lair:4   | Killed Mesmaeker13's ghost
 44633 | Snake:1  | Entered Level 1 of the Snake Pit
 44654 | Snake:1  | Reached skill level 1 in Long Blades
 45849 | Snake:2  | Reached skill level 5 in Long Blades
 45849 | Snake:2  | Reached skill level 15 in Conjurations
 46085 | Snake:2  | Reached skill level 1 in Earth Magic
 46087 | Snake:2  | Reached skill level 1 in Fighting
 46997 | Snake:2  | Found Xuemyzyn's Jewellery Emporium.
 46997 | Snake:2  | Found Qimnex's Gadget Shop.
 46998 | Snake:2  | Found Imunuch's Jewellery Emporium.
 48440 | Snake:4  | Entered Level 4 of the Snake Pit
 48454 | Snake:4  | Reached skill level 5 in Earth Magic
 48473 | Snake:4  | HP: 4/121 [naga sharpshooter/bolt (6)]
 48479 | Snake:3  | HP: 5/121 [poisoned by a nagaraja (bolt of poison)]
 48883 | Snake:4  | Reached skill level 5 in Fighting
 48988 | Snake:4  | Reached XP level 17. HP: 113/113 MP: 7/31
 50310 | Snake:4  | Reached skill level 10 in Long Blades
 50597 | Snake:4  | Reached skill level 16 in Conjurations
 50714 | Snake:4  | Got a serpentine rune of Zot
 51045 | Swamp:1  | Entered Level 1 of the Swamp
 51045 | Swamp:1  | Found the +10 large shield of Ignorance {rN+ Int-4}
 51957 | Swamp:2  | Reached ****** piety under Hepliaklqana
 52777 | Swamp:3  | Noticed a tentacled monstrosity
 52787 | Swamp:3  | Killed a tentacled monstrosity
 52803 | Swamp:3  | Reached skill level 10 in Necromancy
 53486 | Swamp:4  | Entered Level 4 of the Swamp
 54048 | Swamp:4  | Reached skill level 10 in Earth Magic
 54346 | Swamp:3  | Reached XP level 18. HP: 56/120 MP: 6/32
 54503 | Swamp:4  | Noticed Mara
 54557 | Swamp:4  | Killed Mara
 54768 | Swamp:4  | Noticed a tentacled monstrosity
 54781 | Swamp:4  | Killed a tentacled monstrosity
 55229 | Swamp:4  | HP: 4/135 [spriggan druid/cursed -3 quarterstaff (13)]
 55230 | Swamp:4  | Killed from afar by a thorn hunter

Levels and vault maps discovered:
D:1:      zelgadis_glass_arrival_large, layout_loops_corners
D:2:      layout_rooms, nemelex_xobeh_ov_fountains_minmay, lemuel_round_altar,
          wander_ebering_terrifying_dragon_lair
D:3:      layout_loops_ring, chequers_mini_garden, uniq_sigmund
D:4:      layout_basic, nicolae_overflow_crystal_walls, first_ration,
          gammafunk_ghost_cemetery, tso_altar, uniq_ijyb
D:5:      layout_loops_cross, old_standard_altar,
          gammafunk_temple_overflow_elements, minmay_temple_entry_from_below_a,
          led_sif_book, uniq_eustachio
D:6:      layout_cave_pools, grunt_temple_overflow_open,
          kennysheep_big_empty_room, hangedman_decor_clover_reticule,
          uniq_pikel, uniq_crazy_yiuf_cottage, uniq_duvessa
D:7:      layout_cave_pods, kiku_gazebo_garden_becter, kennysheep_mini_moat,
          basic_altar, uniq_prince_ribbit1
D:8:      layout_loops_corners, lair_entry_dummy
D:9:      layout_roguey, evilmike_ruin_ashenzari, marbit_many_paths,
          lemuel_crystal_altar, david_orc_4, david_nohive_1, uniq_joseph
D:10:     layout_roguey, minmay_misc_feat_cross
D:11:     layout_roguey, lemuel_flamethrower_2
D:12:     layout_irregular_city, serial_shops, shop_statue, enter_trove_3,
          uniq_erolcha
D:13:     minmay_nested_s, layout_rooms,
          ploomutoo_gammafunk_ghost_potion_laboratory,
          hangedman_abyss_or_decor_clamps, uniq_kirke
D:14:     layout_long_grid, david_vaults_4, minivault_27
D:15:     grunt_enter_depths_magical_seal, layout_loops_ring,
          ebering_dispersal_statue_hall, uniq_josephine
Lair:1:   beast_lair_carwin_large_2, layout_loops_ring
Lair:2:   layout_roguey, grunt_megastairs_3, lemuel_fruit_tree
Lair:3:   layout_loops_ring, swamp_mist_pool, gauntlet_entry_generic,
          minmay_lair_oklob_chamber
Lair:4:   layout_roguey, minmay_snake_entry_guardpost_small,
          gammafunk_ghost_split
Lair:5:   beast_lair_carwin_large_1, layout_small_grid, slime_altar_1,
          infiniplex_staircase_pool
Lair:6:   minmay_lair_end_frog_pond, layout_misc_corridors, lemuel_fruit_fields
Swamp:1:  layout_falls_marsh, evilmike_swamp_ruin_rubble_2
Swamp:2:  layout_basic_swamp, hangedman_swamp_blocks
Swamp:3:  layout_falls_marsh, evilmike_swamp_ruin_wall, swamp_pool1,
          nicolae_swamp_rocky_clearing
Swamp:4:  swamp, layout_basic_swamp, hangedman_swamp_lotus, swamp_pool3,
          uniq_mara
Snake:1:  layout_rooms, grunt_megastairs_1, serial_bayou_shore_b
Snake:2:  layout_onion, drop_trap, serial_bayou_shore_a, minmay_shop_grove
Snake:3:  layout_chambers
Snake:4:  minmay_snake_end_coiled, layout_cave_town, grunt_ministairs_7,
          serial_bayou_shore_b
Orc:1:    layout_caves, basic_altar, uniq_snorg
Orc:2:    st_orc_town, layout_diamond_mine, nicolae_orc_pool_cavern,
          nooodl_orcs_dogs

Skill      XL: |  1  2  3  4  5  6  7  8  9 10 11 12 13 14 15 16 17 18 |
---------------+-------------------------------------------------------+-----
Dodging        | 2 3 4 5 6 7 9 10 11 12 13 14 | 14.7
Spellcasting   | 3 4 6 8 9 10 | 10.0
Conjurations   | 5 6 7 9 10 11 12 13 14 15 16 | 16.0
Hexes          | 1 3 4 6 8 9 10 11 | 11.0
Necromancy     | 4 7 9 10 11 | 11.0
Invocations    | 5 9 |  9.2
Long Blades    | 8 12 13 | 13.4
Earth Magic    | 5 10 | 10.8
Fighting       | 5 |  5.6
Stealth        | |  1.7

Action                   |  1- 3 |  4- 6 |  7- 9 | 10-12 | 13-15 | 16-18 || total
-------------------------+-------+-------+-------+-------+-------+-------++-------
Melee: Unarmed           |     6 |       |     3 |       |       |       ||     9
       Dagger            |    32 |    16 |       |       |       |       ||    48
       Tailslap          |     5 |     4 |     7 |    46 |    64 |    86 ||   212
       Trident           |       |    17 |    84 |   426 |   220 |       ||   747
       Staff             |       |       |       |       |   186 |       ||   186
       Great sword       |       |       |       |       |    79 |   488 ||   567
Throw: Dart              |       |       |    10 |     6 |       |       ||    16
 Cast: Magic Dart        |    76 |   111 |   156 |   107 |   143 |     4 ||   597
       Searing Ray       |     4 |     6 |    13 |    43 |    34 |       ||   100
       Fulminant Prism   |       |       |     6 |    58 |   134 |    80 ||   278
       Dazzling Spray    |       |       |     5 |     1 |     9 |    42 ||    57
       Iskenderun's Myst |       |       |       |       |   297 |   161 ||   458
       Animate Dead      |       |       |       |       |    27 |    94 ||   121
       Borgnjor's Vile C |       |       |       |       |       |     4 ||     4
Invok: Recall Ancestor   |       |       |     1 |     3 |    10 |     5 ||    19
       Ancestor Life: Kn |       |       |       |     1 |       |       ||     1
       Idealise          |       |       |       |       |     6 |     7 ||    13
Evoke: Wand              |     1 |     2 |    12 |    28 |    21 |     2 ||    66
       Lightning rod     |       |       |       |       |    11 |     9 ||    20
       Lamp of fire      |       |       |       |       |     1 |     4 ||     5
  Use: Scroll            |     2 |     1 |     2 |     8 |    37 |    15 ||    65
       Potion            |     1 |       |       |     5 |    18 |     5 ||    29
 Stab: Sleeping          |       |     1 |     3 |     3 |     2 |     9 ||    18
       Distracted        |       |       |     1 |     3 |    13 |     9 ||    26
       Paralysed         |       |       |       |       |     5 |       ||     5
       Invisible         |       |       |       |       |     1 |     5 ||     6
  Eat: Chunk             |     7 |     9 |     8 |    20 |    40 |     3 ||    87
       Ration            |       |       |     3 |     7 |    19 |    13 ||    42
Armor: Skin              |    21 |    22 |    54 |   196 |   271 |   221 ||   785
Dodge: Dodged            |    52 |    52 |   134 |   691 |  1178 |   802 ||  2909
Block: Other             |       |       |       |       |    48 |       ||    48
       Reflection        |       |       |       |       |     4 |       ||     4
       Rpst.: Great sword |       |       |       |       |    46 |   162 ||   208
